 Seeded DCSS version 0.28-a0-1339-ga5422284a4 (webtiles) character file.

Game seed: 12130800008223909736 (custom seed)

619 croobank the Poker (level 7, -4/49 HPs)
             Began as an Octopode Cinder Acolyte on Dec 28, 2021.
             Was a High Priest of Ignis.
             Slain by Duvessa (18 damage)
             ... on level 4 of the Dungeon.
             The game lasted 00:23:16 (4891 turns).

croobank the Poker (Octopode Cinder Acolyte)        Turns: 4891, Time: 00:23:19

Health: -4/49      AC:  1    Str: 13    XL:     7   Next: 46%
Magic:  1/11       EV: 12    Int: 19    God:    Ignis [*****.]
Gold:   188        SH:  0    Dex:  7    Spells: 10/12 levels left

rFire   + . .      SeeInvis .   a - +0 trident
rCold   . . .      Faith    .   (no shield)
rNeg    . . .      Spirit   .   (helmet restricted)
rPois   .          Reflect  .   (no amulet)
rElec   .          Harm     .   r - ring of wizardry
rCorr   .          Rampage  .   (no ring)
Will    .....                   (no ring)
Stlth   ++........              (no ring)
HPRegen 0.16/turn               (no ring)
MPRegen 0.12/turn               (no ring)
                                (no ring)
                                (no ring)

@: hasted (expiring), very quick
A: almost no armour, amphibious, 8 rings, camouflage 1, gelatinous body 1,
(nimble swimmer 1), tentacles
a: Renounce Religion, Fiery Armour, Foxfire Swarm, Rising Flame


You were on level 4 of the Dungeon.
You worshipped Ignis.
Ignis was extremely pleased with you.
You visited 1 branch of the dungeon, and saw 4 of its levels.

You collected 188 gold pieces.

Inventory:

Hand Weapons
 a - a +0 trident (weapon)
 b - a +0 hunting sling
 n - a +0 dagger of draining
 u - a +1 dagger of draining
Missiles
 c - 18 bolts
 d - 38 poisoned darts
 f - 34 arrows
 t - 43 stones
 v - a boomerang
Armour
 k - a +1 kite shield of resistance
 q - an orb of energy
Magical Staves
 p - a staff of earth
Jewellery
 r - a ring of wizardry (left tentacle)
Wands
 l - a wand of flame (16) (quivered)
Scrolls
 g - 3 scrolls of enchant armour {enchant armour, unknown}
 h - 4 scrolls of identify {identify, unknown}
 i - a scroll of vulnerability {vulnerability, unknown}
Potions
 j - 3 potions of curing {curing, unknown}
 m - a potion of cancellation {cancellation, unknown}
 o - a potion of degeneration {degeneration, unknown}


   Skills:
 + Level 4.6 Fighting
 + Level 4.6 Polearms
 + Level 2.8 Shields
 + Level 3.2 Spellcasting
 + Level 4.6 Fire Magic


You had 10 spell levels left.
You knew the following spells:

 Your Spells              Type           Power      Damage    Failure   Level
a - Scorch                Fire           40%        2d7       1%          2

Your spell library contained the following spells:

 Spells                   Type           Power      Damage    Failure   Level


Dungeon Overview and Level Annotations

Branches:
Dungeon (4/15)             Temple (0/1) D:4

Altars:

Shops:
D:1 *   D:2 =   D:3 !

Annotations:
D:4 1 runed translucent door, Duvessa; croobank's ghost, novice OpCA


Innate Abilities, Weirdness & Mutations

You cannot wear most types of armour.
You are amphibious.
You can wear up to eight rings at the same time.
Your skin changes colour to match your surroundings (Stealth+).
Your rubbery body absorbs attacks. (AC +1, EV +1)
((You are camouflaged when in or above water. (Stealth+)))
You have tentacles for arms and can constrict up to eight enemies at once.


Message History

Dowan blinks!
Casting: Scorch (safe; 1% risk of failure)
Confirm with . or Enter, or press ? or * to list all spells.
Flames lash Duvessa.
Duvessa is moderately wounded.
You hit Duvessa. Your grab misses Duvessa. Your squeeze misses Duvessa.
Duvessa is heavily wounded.
Duvessa hits you with a +2 vampiric rapier!
You hit Duvessa but do no damage. You grab Duvessa.
Duvessa is heavily wounded.
You constrict Duvessa.
Duvessa hits you with a +2 vampiric rapier!
Duvessa draws strength from your wounds!
Casting: Scorch (safe; 1% risk of failure)
Confirm with . or Enter, or press ? or * to list all spells.
Flames lash Dowan.
Dowan is burned terribly!
You kill Dowan!
Duvessa screams in rage.
Duvessa goes berserk!
You constrict Duvessa, but do no damage.
Duvessa hits you with a +2 vampiric rapier!
* * * LOW HITPOINT WARNING * * *
Okay, then.
Okay, then.
You release your grip on Duvessa.
There is an open door here.
Duvessa is no longer more vulnerable to fire.
Duvessa rages.
Duvessa rages.
Duvessa rages.
You are no longer glowing.
Your extra speed is starting to run out.
Duvessa rages.
Casting: Scorch (safe; 1% risk of failure)
Confirm with . or Enter, or press ? or * to list all spells.
Flames lash Duvessa.
Duvessa is heavily wounded.
Duvessa's fire resistance burns away.
Duvessa hits you with a +2 vampiric rapier!!
You die...

### ######.# #......#
#.####.# #.####.# #..#...#
######## ##.#.### .......#
#e#.# .......##### #@#.#
...........# #.#.####
......)###.# #......#
...###...#.# #......# ##.#
###.#.#####......# #.#
#.#.......#.###### #.#
#.#########.####.# ..# #.#
#......#
########.##############'####


You could see Duvessa (berserk, combustible).

Vanquished Creatures
  Sigmund (D:3)
  Eustachio (D:4)
  A phantom (D:4)
  Dowan (D:4)
  An orc wizard (D:4)
  Ijyb (D:3)
  7 adders
  An ufetubus (D:4)
  A worm (D:3)
  A dart slug (D:1)
  5 orcs (D:4)
  8 ball pythons
  5 endoplasms
  4 giant cockroaches
  4 goblins
  5 hobgoblins
  4 jackals (D:4)
  5 quokkas
  6 bats
  3 frilled lizards (D:1)
  2 kobolds (D:1)
  5 rats
72 creatures vanquished.

Vanquished Creatures (others)
  A fungus (D:2)
  4 plants (D:2)
5 creatures vanquished.

Grand Total: 77 creatures vanquished

Notes
Turn   | Place    | Note
-------+----------+-------------------------------------------
     0 | D:1      | croobank the Octopode Cinder Acolyte began the quest for
                  | the Orb.
     0 | D:1      | Reached XP level 1. HP: 16/16 MP: 2/2
   353 | D:1      | Reached XP level 2. HP: 19/21 MP: 3/3
   356 | D:1      | Learned a level 2 spell: Scorch
   584 | D:1      | Found Wisoshren's General Store.
   591 | D:1      | Upgraded the game from 0.28-a0-1312-g71652a0310 to
                  | 0.28-a0-1339-ga5422284a4
  1009 | D:1      | Reached XP level 3. HP: 26/26 MP: 0/5
  1723 | D:2      | Found Tueluf's Jewellery Shoppe.
  1783 | D:2      | Found a faded altar of an unknown god.
  2193 | D:3      | Reached XP level 4. HP: 23/31 MP: 0/6
  2400 | D:3      | Found Couciofe's Distillery.
  2434 | D:3      | Noticed Ijyb
  2445 | D:3      | Killed Ijyb
  2737 | D:3      | Reached skill level 1 in Shields
  3074 | D:3      | Reached XP level 5. HP: 37/37 MP: 5/8
  3075 | D:3      | Noticed Sigmund
  3093 | D:3      | Killed Sigmund
  3094 | D:3      | Reached XP level 6. HP: 40/43 MP: 1/9
  3372 | D:4      | Found a runed translucent door.
  3374 | D:4      | Noticed croobank's ghost (novice OpCA)
  3937 | D:4      | Identified the +0 pair of gloves of the Constellations {rF+
                  | rC++ Dex+4}
  4027 | D:4      | Found a staircase to the Ecumenical Temple.
  4221 | D:4      | Noticed Eustachio
  4243 | D:4      | Killed Eustachio
  4244 | D:4      | Reached XP level 7. HP: 12/49 MP: 2/11
  4489 | D:4      | Noticed Duvessa
  4489 | D:4      | Noticed Dowan
  4863 | D:4      | Killed Dowan
  4891 | D:4      | Slain by Duvessa

Illustrated notes

Levels and vault maps discovered:
D:1:      grunt_arrival_crossed_arrows, layout_loops_ring, serial_shops, shop,
          chequers_serial_rivers_micro_b
D:2:      layout_basic, serial_shops, shop,
          shapermc_ecumenical_altar_mp_urbaneastern
D:3:      layout_loops_cross, serial_shops, shop_statue, uniq_ijyb, uniq_sigmund
D:4:      layout_basic, lemuel_temple_firewalk_a, ebering_ghost_reflecting_pool,
          uniq_eustachio, uniq_duvessa

Skill      XL: |  1  2  3  4  5  6 |
---------------+-------------------+-----
Spellcasting   | 2 3 |  3.2
Shields        | 1 2 |  2.8
Fighting       | 4 |  4.6
Polearms       | 4 |  4.6
Fire Magic     | 4 |  4.6

Action                   |  1- 3 |  4- 6 |  7- 9 || total
-------------------------+-------+-------+-------++-------
Melee: Spear             |    37 |       |       ||    37
       Constrict         |     7 |     4 |     1 ||    12
       Tentacles         |     3 |     5 |       ||     8
       Trident           |     3 |    23 |     3 ||    29
Throw: Dart              |       |     2 |       ||     2
 Cast: Scorch            |    25 |    50 |    11 ||    86
Evoke: Wand              |       |     1 |     2 ||     3
  Use: Potion            |       |     2 |     1 ||     3
       Scroll            |       |       |     1 ||     1
 Stab: Sleeping          |     5 |     1 |       ||     6
       Distracted        |     1 |       |       ||     1
Armor: Skin              |     8 |       |       ||     8
Dodge: Dodged            |    25 |    18 |       ||    43

Table legend: (Time is in decaauts)
 A = Elapsed time spent in this place.
 B = Non-inter-level travel time spent in this place.
 C = Inter-level travel time spent in this place.
 D = Time resting spent in this place.
 E = Time spent auto-exploring this place.
 F = Levels seen in this place.
 G = Mean time per level.
                   A        B        C        D        E       F      G
               +--------+--------+--------+--------+--------+-----+--------+
         Total |   4872 |   4795 |     77 |   1279 |   2790 |   4 | 1218.0 |
       Dungeon |   4872 |   4795 |     77 |   1279 |   2790 |   4 | 1218.0 |
               +--------+--------+--------+--------+--------+-----+--------+

Top non-repeatable levels by time:
     D:4: 1531 daAuts
     D:3: 1166 daAuts
     D:1: 1132 daAuts
     D:2: 1041 daAuts
